Map: Ruinas de Endión

Players

xXkazperXx

  • Race: Zerg Zerg
  • League: Bronze

Enki - Winner!

  • Race: Terran Terran
  • League: Bronze

VOD

Have the link to the VOD?

Description

Time

  • Played on: April 7, 2016, 11:28 p.m.
  • Length: 14:59
Show
View Real Time Build Order
Export as new Build Order

xXkazperXx Zerg 

Build Orders: Pool First 

Get SALT Encoding   

  12  0:01  Drone  
  13  0:13  Drone  
  14  0:18  Extractor  
  13  0:31  Spawning Pool  
  13  0:35  Drone  
  13  0:44  Overlord  
  13  0:59  Drone  
  14  1:13  Drone  
  14  1:14  Drone x2  
  17  1:19  Queen  
  19  1:35  Roach Warren  
  18  1:40  Zergling x2  
  18  1:41  Zergling x2  
  20  2:02  Drone  
  20  2:03  Drone  
  20  2:05  Extractor  
  21  2:12  Spine Crawler  
  20  2:16  Spore Crawler  
  20  2:20  Lair  
  19  2:34  Roach  
  21  2:37  Overlord  
  21  2:55  Drone  
  22  3:07  Roach x3  
  28  3:22  Hydralisk Den  
  27  3:31  Burrow  
  27  3:34  Drone  
  28  3:43  Drone  
  28  3:48  Drone  
  30  4:08  Overlord  
  30  4:26  Hatchery  
  29  4:41  Hydralisk  
  31  5:08  Drone x2  
  31  5:09  Drone x2  
  35  5:32  Hydralisk  
  35  5:34  Overlord  
  37  5:37  Lurker Den  
  37  5:39  Tunneling Claws  
  37  5:43  Drone  
  37  5:44  Drone  
  38  6:06  Roach x4  
  38  6:20  Zergling x6  
  41  6:28  Drone x2  
  41  6:29  Drone  
  44  7:08  Queen  
  44  7:11  Roach x2  
  44  7:12  Overlord  
  50  7:44  Spire  
  50  7:48  Infestation Pit  
  50  7:50  Drone x6  
  50  7:51  Drone x3  
  57  7:57  Evolution Chamber  
  56  8:02  Drone x3  
  56  8:04  Overlord  
  59  8:23  Metabolic Boost  
  59  8:26  Zergling x4  
  59  8:27  Zergling x2  
  62  8:31  Hydralisk x2  
  66  9:09  Pneumatized Carapace  
  66  9:15  Overlord  
  66  9:16  Overlord x2  
  66  9:26  Extractor  
  66  9:27  Extractor  
  60  9:52  Roach x6  
  50  10:03  Roach x4  
  50  10:04  Mutalisk x5  
  50  10:05  Mutalisk x5  
  59  11:11  Drone x3  
  61  11:14  Mutalisk x3, Hatchery  
  61  11:18  Hive  
  67  11:23  Glial Reconstitution  
  67  11:25  Muscular Augments  
  67  11:48  Corruptor  
  69  11:57  Overlord  
  69  12:18  Corruptor x2  
  73  12:31  Drone  
  74  12:42  Drone  
  75  12:58  Drone  
  76  13:01  Drone x2  
  76  13:02  Hatchery  
  77  13:13  Corruptor x2  
  77  13:17  Greater Spire  
  81  13:43  Hydralisk  
  81  13:45  Overlord x3  
  83  14:16  Corruptor x2  
  88  14:24  Drone  
  88  14:27  Zergling x2  
Show
View Real Time Build Order
Export as new Build Order

Enki Terran - Winner!

Build Orders:  

Get SALT Encoding   

  12  0:06  SCV  
  13  0:18  SCV  
  14  0:29  Supply Depot  
  14  0:30  SCV  
  15  0:49  Refinery  
  15  0:51  SCV  
  16  1:03  SCV  
  17  1:15  SCV  
  18  1:25  Engineering Bay  
  18  1:27  SCV  
  19  1:39  SCV  
  20  1:43  Barracks  
  20  1:51  SCV  
  20  1:52  Command Center  
  21  2:03  SCV  
  23  2:15  SCV  
  23  2:35  Supply Depot  
  23  2:38  Terran Infantry Weapons Level 1  
  23  2:44  Engineering Bay  
  23  2:57  SCV  
  24  3:05  Marine  
  25  3:09  SCV  
  26  3:12  Barracks  
  26  3:16  Refinery  
  26  3:20  Supply Depot  
  26  3:21  Terran Infantry Armor Level 1  
  26  3:23  Marine  
  27  3:33  Ghost Academy  
  27  3:41  Marine  
  28  3:52  Supply Depot  
  28  3:58  Marine  
  29  4:05  Marine  
  30  4:12  Factory  
  30  4:16  Marine  
  31  4:22  Marine  
  32  4:34  Marine  
  33  4:40  Marine  
  33  4:43  SCV  
  35  4:49  Refinery  
  35  4:52  Marine  
  36  4:55  SCV  
  36  4:58  Marine  
  38  5:07  SCV  
  38  5:08  Supply Depot  
  38  5:10  Marine  
  40  5:15  Hi-Sec Auto Tracking  
  40  5:16  Marine  
  40  5:17  Building Armor  
  40  5:19  SCV  
  42  5:27  Marine  
  43  5:31  SCV  
  43  5:34  Marine  
  45  5:45  Marine  
  45  5:49  Missile Turret  
  46  5:52  Marine  
  46  5:56  SCV  
  48  6:03  Marine  
  49  6:05  Refinery  
  49  6:08  SCV  
  49  6:09  Marine  
  51  6:20  Neosteel Frame, SCV  
  51  6:21  Missile Turret, Marine  
  53  6:27  Marine  
  55  6:32  SCV  
  55  6:38  Factory Tech Lab  
  55  6:39  Marine  
  56  6:44  SCV  
  56  6:45  Marine  
  56  6:46  Personal Cloaking  
  58  6:56  Marine  
  59  7:03  Marine  
  59  7:06  Supply Depot  
  60  7:14  SCV, Marine  
  62  7:21  Marine  
  63  7:27  SCV  
  64  7:32  Marine  
  65  7:38  Marine  
  65  7:39  SCV  
  65  7:42  Missile Turret  
  67  7:50  Marine  
  67  7:51  SCV  
  69  7:56  Marine  
  70  7:59  Orbital Command  
  70  8:03  SCV  
  71  8:08  Marine  
  71  8:12  Missile Turret, Nuke  
  72  8:14  Marine  
  72  8:16  Supply Depot  
  73  8:26  Marine  
  74  8:32  Marine  
  75  8:37  Supply Depot  
  75  8:49  Barracks  
  75  9:32  Missile Turret  
  75  9:40  Marine  
  75  9:41  Marine  
  75  9:43  Marine  
  78  9:48  Mag-Field Accelerator  
  77  9:58  Marine  
  77  9:59  Marine  
  79  10:00  Barracks  
  79  10:01  Marine  
  77  10:16  Marine  
  77  10:17  Marine  
  77  10:18  Marine  
  73  10:33  Marine  
  73  10:35  Marine  
  73  10:36  Marine  
  71  10:45  Armory  
  62  10:51  Marine  
  62  10:53  Marine  
  62  10:54  Marine  
  58  11:03  Marine  
  56  11:07  Infernal Pre-Igniter  
  56  11:09  Marine  
  56  11:10  Marine  
  58  11:12  Marine  
  58  11:17  Missile Turret  
  59  11:21  Marine  
  59  11:23  Missile Turret  
  60  11:27  Marine  
  60  11:28  Marine  
  60  11:30  Marine  
  63  11:39  Marine  
  64  11:45  Marine  
  64  11:46  Marine  
  66  11:47  Marine  
  67  11:54  Starport  
  67  11:57  Marine  
  67  11:58  Terran Infantry Weapons Level 2  
  67  12:01  Terran Infantry Armor Level 2  
  68  12:02  Marine  
  68  12:04  Marine  
  68  12:05  Marine  
  71  12:09  Missile Turret  
  71  12:15  Marine  
  72  12:20  Marine  
  72  12:22  Marine  
  74  12:40  Marine  
  75  12:44  Missile Turret  
  75  12:48  Starport Reactor  
  75  12:57  Marine  
  76  13:05  Drilling Claws  
  76  13:15  Marine  
  76  13:18  Marine  
  78  13:20  Marine  
  78  13:22  Marine  
  80  13:33  Marine  
  81  13:36  Marine  
  81  13:38  Marine  
  81  13:40  Marine  
  84  13:51  Marine  
  84  13:54  Marine  
  86  13:56  Marine  
  86  13:58  Marine  
  88  14:09  Marine  
  89  14:12  Marine  
  89  14:13  Marine  
  89  14:15  Marine  
  92  14:26  Marine  
  92  14:30  Marine  
  94  14:42  Command Center  
  94  14:53  Supply Depot  
Tags
 
Add a new tag
Caveats
  • Supply blocks, unpowered buildings, or Contaminate may cause inaccurate times.
  • Supply counts are checked every 10 seconds.